 Dungeon Crawl Stone Soup version 0.23.2-33-g5129a83184 (webtiles) character file.

Game seed: 12209494436269647626

5016 Ceapi the Cleaver (level 10, -5/90 HPs)
             Began as a Hill Orc Berserker on July 15, 2019.
             Was a High Priest of Trog.
             Slain by a 14-headed hydra (8 damage)
             ... on level 8 of the Dungeon on July 16, 2019.
             The game lasted 00:40:07 (8628 turns).

Ceapi the Cleaver (Hill Orc Berserker)              Turns: 8628, Time: 00:40:08

Health: -5/90      AC: 17    Str: 24    XL:     10   Next: 54%
Magic:  10/10      EV:  9    Int:  7    God:    Trog [*****.]
Gold:   205        SH:  4    Dex: 10    Spells: 9/9 levels left

rFire    . . .     SeeInvis .   o - +2 hand axe (venom)
rCold    . . .     Gourm    .   B - +0 buckler
rNeg     . . .     Faith    +   t - +3 chain mail {rPois}
rPois    +         Spirit   .   q - +0 helmet
rElec    .         Reflect  .   F - +1 cloak {rPois}
rCorr    .         Harm     .   (no gloves)
MR       .....                  (no boots)
Stlth    ..........             e - amulet of faith
HPRegen  0.25/turn              h - ring of stealth
MPRegen  0.12/turn              (no ring)

@: berserk cooldown, slowed, very slow
A: no striking features
a: Berserk, Trog's Hand, Brothers in Arms, Renounce Religion


You were on level 8 of the Dungeon.
You worshipped Trog.
Trog was extremely pleased with you.
You were very hungry.

You visited 1 branch of the dungeon, and saw 8 of its levels.
You also visited: Sewer.

You collected 475 gold pieces.
You spent 270 gold pieces at shops.

Inventory:

Hand Weapons
 o - a +2 hand axe of venom (weapon)
 E - a +4 antimagic battleaxe
Armour
 q - a +0 helmet (worn)
 t - a +3 chain mail of poison resistance (worn)
 B - a +0 buckler (worn)
 F - a +1 cloak of poison resistance (worn)
Jewellery
 a - a cursed ring of attention {unknown}
 e - an amulet of faith (around neck)
 h - a ring of stealth (left hand)
Wands
 p - a wand of acid (13)
Scrolls
 d - 7 scrolls of identify
 f - a scroll of magic mapping {unknown}
 g - a scroll of fog {unknown}
 i - 2 scrolls of enchant armour {unknown}
 l - 7 scrolls of remove curse
 r - 2 scrolls of enchant weapon {unknown}
 v - a scroll of teleportation {unknown}
 y - a scroll of amnesia {unknown}
 A - a scroll of brand weapon {unknown}
Potions
 b - 2 potions of mutation
 j - a potion of might
 k - 3 potions of cancellation {unknown}
 m - 2 potions of haste {unknown}
 n - a potion of magic {unknown}
 s - a potion of brilliance {unknown}
 u - a potion of flight {unknown}
 w - a potion of lignification {unknown}
 x - a potion of agility {unknown}
 z - 3 potions of heal wounds
 D - a potion of experience {unknown}
Comestibles
 c - 18 rations
 C - 14 chunks of flesh


   Skills:
 + Level 8.7 Fighting
 + Level 14.6 Axes
 + Level 7.5 Armour
 - Level 1.6 Dodging
 - Level 4.0 Shields


You had 9 spell levels left.
You didn't know any spells.
Your spell library was empty.

Dungeon Overview and Level Annotations

Branches:
Dungeon (8/15)             Temple (0/1) D:5
   Lair: D:8-11

Altars:
Ashenzari
Elyvilon
Fedhas
Gozag
Ru
Sif Muna
Trog
Vehumet
Zin
The Shining One

Shops:
D:8 [


Message History

You block the 14-headed hydra's attack.
The 14-headed hydra bites you but does no damage. x4
The 14-headed hydra bites you.
* * * LOW HITPOINT WARNING * * *
The 14-headed hydra bites you.
* * * LOW HITPOINT WARNING * * *
You block the 14-headed hydra's attack. The 14-headed hydra bites you.
* * * LOW HITPOINT WARNING * * *
The 14-headed hydra bites you but does no damage.
The 14-headed hydra closely misses you. The 14-headed hydra bites you!
* * * LOW HITPOINT WARNING * * *
The 14-headed hydra bites you.
* * * LOW HITPOINT WARNING * * *
You see here a stone.
You feel a strong urge to attack something.
You feel your anger nearly subside.
You are no longer berserk.
You are exhausted.
You feel yourself slow down. The 14-headed hydra barely misses you.
The 14-headed hydra bites you!
You die...

########..#.###########.###...#
.........................##...#
########..##########........#>..
#..#PP≈P.+)!#..#..##.#.#.#
#..#P≈≈≈≈#)%#..#..##.#.#..
#..#≈.P≈P##'#.##..##.#.# #
#..#÷....#.(#.....##.#
#...÷)...D..#....##
#.##).P..@..#.##.#
#.##≈....'..#.##.#
#.##.....#..#.##.#
#.###########.#### #.# #.#
#.###########.# #.............#
#############.# ###


You could see a 14-headed hydra.

Vanquished Creatures
  A two-headed ogre (D:8)
  A cyclops (D:8)
  Joseph (D:8)
  A troll (D:7)
  A hippogriff (D:8)
  2 dream sheep (D:8)
  2 yaks (D:8)
  Duvessa (D:4)
  A sky beast (D:7)
  3 ogres
  A centaur (D:6)
  3 big kobolds (D:8)
  A crocodile (Sewer)
  An elf zombie (D:4)
  A bullfrog (D:8)
  Blork the orc (D:5)
  Dowan (D:4)
  An elf skeleton (D:4)
  A wyvern zombie (D:6)
  3 scorpions
  A water moccasin zombie (D:6)
  A wight (D:7)
  A crimson imp (D:7)
  5 howler monkeys
  5 orc wizards
  A bullfrog skeleton (D:4)
  2 hounds
  A jelly (D:8)
  2 centaur skeletons
  A human zombie (D:4)
  3 orc priests
  A human skeleton (D:4)
  An iguana (D:5)
  8 worker ants
  A hell rat (D:7)
  2 hound skeletons
  A howler monkey zombie (D:5)
  Robin (D:2)
  7 adders
  A howler monkey skeleton (D:8)
  8 river rats (D:7)
  A shadow imp (D:5)
  An ooze (D:1)
  An adder skeleton (D:4)
  6 worms
  4 dart slugs
  2 leopard geckos
  25 orcs
  9 bats
  4 giant cockroaches
  11 goblins
  13 hobgoblins
  2 jackals (Sewer)
  11 quokkas
  6 ball pythons
  5 frilled lizards
  9 kobolds
  A leopard gecko skeleton (D:5)
  2 orc skeletons (D:4)
  18 rats
213 creatures vanquished.

Vanquished Creatures (others)
  3 goblins (D:2)
  A quokka (D:2)
4 creatures vanquished.

Grand Total: 217 creatures vanquished

Notes
Turn   | Place    | Note
-------+----------+-------------------------------------------
     0 | D:1      | Ceapi the Hill Orc Berserker began the quest for the Orb.
     0 | D:1      | Reached XP level 1. HP: 19/19 MP: 1/1
   402 | D:1      | Reached XP level 2. HP: 27/27 MP: 2/2
   658 | D:1      | Reached skill level 5 in Axes
   839 | D:1      | Reached XP level 3. HP: 32/33 MP: 3/3
  1073 | D:1      | Reached ** piety under Trog
  1446 | D:2      | Reached skill level 6 in Axes
  1703 | D:2      | Reached XP level 4. HP: 18/40 MP: 4/4
  2057 | D:2      | Found a glowing golden altar of the Shining One.
  2082 | D:2      | Found a deep blue altar of Sif Muna.
  2329 | D:2      | Found a white marble altar of Elyvilon.
  2335 | D:2      | Noticed Robin
  2348 | D:2      | Killed Robin
  2348 | D:2      | Reached skill level 7 in Axes
  2424 | D:2      | Reached XP level 5. HP: 31/46 MP: 5/5
  2728 | D:3      | You fall through a shaft!
  2774 | D:4      | Noticed Dowan
  2776 | D:4      | Noticed Duvessa
  2794 | D:4      | Killed Duvessa
  2794 | D:4      | Reached skill level 8 in Axes
  2794 | D:4      | Reached XP level 6. HP: 52/52 MP: 6/6
  2806 | D:4      | Killed Dowan
  2806 | D:4      | Reached skill level 9 in Axes
  2852 | D:4      | Reached *** piety under Trog
  3142 | D:3      | Reached skill level 10 in Axes
  3142 | D:3      | Reached XP level 7. HP: 58/58 MP: 7/7
  3418 | D:3      | Found a bloodstained altar of Trog.
  4108 | D:4      | Reached skill level 11 in Axes
  4154 | D:4      | Reached **** piety under Trog
  4377 | D:4      | Reached XP level 8. HP: 66/66 MP: 8/8
  4508 | D:4      | Found a glowing silver altar of Zin.
  4510 | D:4      | Found an opulent altar of Gozag.
  4510 | D:4      | Found a shattered altar of Ashenzari.
  4510 | D:4      | Found a blossoming altar of Fedhas.
  4515 | D:4      | Found a radiant altar of Vehumet.
  4596 | D:5      | Entered Level 5 of the Dungeon
  4650 | D:5      | Reached skill level 12 in Axes
  4860 | D:5      | Noticed Blork the orc
  4871 | D:5      | Killed Blork the orc
  5041 | D:5      | Found a staircase to the Ecumenical Temple.
  5586 | D:6      | Reached skill level 13 in Axes
  5617 | D:6      | Found a glowing drain.
  5631 | Sewer    | Entered a sewer
  6593 | D:6      | Found a sacrificial altar of Ru.
  6830 | D:7      | Found a sacrificial altar of Ru.
  6882 | D:7      | Found a radiant altar of Vehumet.
  6917 | D:7      | Reached ***** piety under Trog
  6917 | D:7      | Reached skill level 1 in Shields
  6965 | D:7      | Noticed a troll
  6974 | D:7      | Killed a troll
  6974 | D:7      | Reached XP level 9. HP: 58/71 MP: 9/9
  7060 | D:7      | Reached skill level 14 in Axes
  7808 | D:8      | Noticed a cyclops
  7814 | D:8      | Noticed Joseph
  7818 | D:8      | Reached skill level 5 in Fighting
  7824 | D:8      | Killed a cyclops
  7827 | D:8      | Killed Joseph
  7827 | D:8      | Reached skill level 5 in Armour
  8316 | D:8      | Reached XP level 10. HP: 86/86 MP: 10/10
  8413 | D:8      | Received a gift from Trog
  8420 | D:8      | Found Dehoppi's Antique Armour Shop.
  8424 | D:8      | Bought a glowing cloak for 270 gold pieces
  8440 | D:8      | Noticed a two-headed ogre
  8458 | D:8      | Killed a two-headed ogre
  8606 | D:8      | Noticed a three-headed hydra
  8623 | D:8      | HP: 4/135 [14-headed hydra (3)]
  8628 | D:8      | Slain by a 14-headed hydra

Skill      XL: |  1  2  3  4  5  6  7  8  9 10 |
---------------+-------------------------------+-----
Axes           | 5 6 7 8 10 11 13 14 | 14.6
Shields        | 2 4 |  4.0
Fighting       | 7 8 |  8.7
Armour         | 6 7 |  7.5
Dodging        | |  1.6

Action                   |  1- 3 |  4- 6 |  7- 9 | 10-12 || total
-------------------------+-------+-------+-------+-------++-------
Melee: Hand axe          |   111 |   134 |   530 |    55 ||   830
Invok: Berserk           |       |     4 |     3 |     3 ||    10
       Trog's Hand       |       |     1 |     3 |     1 ||     5
  Use: Potion            |     1 |       |       |       ||     1
       Scroll            |       |     2 |     4 |     2 ||     8
 Stab: Sleeping          |     5 |       |       |       ||     5
       Paralysed         |       |       |     1 |       ||     1
  Eat: Chunk             |     1 |     9 |    18 |     3 ||    31
       Ration            |       |       |     1 |       ||     1
Armor: Animal skin       |    10 |       |       |       ||    10
       Ring mail         |    14 |    35 |       |       ||    49
       Chain mail        |       |     9 |   200 |    47 ||   256
Dodge: Dodged            |    70 |    85 |   119 |    31 ||   305
Block: Buckler           |       |       |    17 |    14 ||    31
